 Dungeon Crawl Stone Soup version 0.23-a0-681-g26ad783 (webtiles) character file.

31451 zishaf the Slinger (level 13, -12/85 HPs)
             Began as a Halfling Warper on Jan 10, 2019.
             Was an Elder of the Shining One.
             Mangled by a jumping spider (15 damage)
             ... on level 2 of the Lair of Beasts on Jan 11, 2019.
             The game lasted 01:00:13 (24956 turns).

zishaf the Slinger (Halfling Warper)               Turns: 24956, Time: 01:00:14

Health: -12/85     AC: 16    Str: 12    XL:     13   Next: 96%
Magic:  19/19      EV: 15    Int: 14    God:    the Shining One [****..]
Gold:   982        SH:  8    Dex: 16    Spells: 7/18 levels left

rFire    . . .     SeeInvis +   a - +4 long sword (freeze)
rCold    . . .     Gourm    .   s - +0 shield (curse)
rNeg     + + .     Faith    .   n - +4 scale mail {rPois}
rPois    +         Spirit   .   K - +2 helmet
rElec    .         Reflect  .   p - scarf {repulsion}
rCorr    .         Harm     .   (no gloves)
MR       .....                  r - +0 pair of boots
Stlth    +.........             (no amulet)
HPRegen  0.24/turn              o - ring of see invisible
MPRegen  0.16/turn              G - ring of wizardry

@: glowing, repel missiles
A: small, mutation resistance 1
a: Divine Shield, Cleansing Flame, Renounce Religion


You were on level 2 of the Lair of Beasts.
You worshipped the Shining One.
The Shining One was greatly pleased with you.
You were very hungry.

You visited 2 branches of the dungeon, and saw 17 of its levels.

You collected 1006 gold pieces.
You spent 24 gold pieces at shops.

Inventory:

Hand Weapons
 a - a +4 long sword of freezing (weapon)
 b - a +2 hunting sling of flaming
 w - a +2 short sword of holy wrath
 L - a +0 dagger of venom
Missiles
 i - 336 stones (quivered)
 E - 18 sling bullets
Armour
 n - a +4 scale mail of poison resistance (worn)
 p - a scarf of repulsion (worn)
 r - a +0 pair of boots (worn)
 s - a cursed +0 shield (worn)
 K - a +2 helmet (worn)
Jewellery
 o - a ring of see invisible (left hand)
 F - an uncursed ring of resist corrosion
 G - a ring of wizardry (right hand)
Wands
 t - a wand of enslavement (10)
 u - a wand of polymorph (5)
 x - a wand of digging (10)
 A - a wand of random effects (42)
 I - a wand of disintegration (27)
 N - a wand of flame (20)
 O - a wand of paralysis (32)
 P - a wand of clouds (2)
Scrolls
 d - 5 scrolls of blinking
 g - 2 scrolls of enchant weapon
 h - a scroll of fear
 j - 6 scrolls of amnesia
 k - 5 scrolls of teleportation
 v - a scroll of magic mapping
 y - a scroll of noise
 D - 5 scrolls of identify
 H - 4 scrolls of remove curse
 M - 4 scrolls of immolation
 R - a scroll of summoning
 S - a scroll of vulnerability
Potions
 c - 2 potions of lignification
 e - a potion of resistance
 l - 2 potions of brilliance
 m - a potion of ambrosia
 q - 4 potions of flight
 z - 5 potions of curing
 B - 4 potions of heal wounds
 C - a potion of cancellation
 J - a potion of haste
 Q - a potion of magic
Miscellaneous
 T - a fan of gales
 U - a lightning rod (4/4)
Comestibles
 f - 34 rations


   Skills:
 + Level 6.9 Fighting
 - Level 10.0(10.7) Short Blades
 + Level 5.1(7.4) Long Blades
 - Level 11.9(12.0) Slings
 - Level 1.0(5.4) Throwing
 - Level 8.0 Armour
 - Level 11.0 Dodging
 - Level 1.7 Stealth
 * Level 1.0 Shields
 - Level 3.0 Spellcasting
 - Level 1.0 Charms
 - Level 10.0 Translocations
 + Level 9.2 Invocations


You had 7 spell levels left.
You knew the following spells:

 Your Spells              Type           Power        Failure   Level  Hunger
a - Blink                 Tloc           N/A          6%          2    ##.....
b - Shroud of Golubria    Chrm/Tloc      ###.......   32%         2    ##.....
c - Passage of Golubria   Tloc           N/A          32%         4    #####..
z - Teleport Other        Tloc           ####....     11%         3    ###....

Your spell library contained the following spells:

 Spells                   Type           Power        Failure   Level  Hunger
 Gell's Gravitas          Tloc           ####......   11%         3    ###....
 Lesser Beckoning         Tloc           ####......   11%         3    ###....
 Animate Skeleton         Necr           N/A          89%         1    #......
 Beastly Appendage        Tmut           #.....       89%         1    #......
 Pain                     Necr           #...         89%         1    #......
 Sticks to Snakes         Tmut           #.......     96%         2    ##.....
 Regeneration             Chrm/Necr      #.........   99%         3    ###....
 Spider Form              Tmut/Pois      #.........   99%         3    ###....
 Vampiric Draining        Necr           #.........   99%         3    ###....
 Animate Dead             Necr           N/A          100%        4    #####..
 Ice Form                 Ice/Tmut       #.......     100%        4    #####..
 Blade Hands              Tmut           #.........   100%        5    ######.


Dungeon Overview and Level Annotations

Branches:
Dungeon (12/15)            Temple (0/1) D:7            Lair (5/6) D:10
  Swamp (0/4) Lair:4          Orc (0/2) D:10
  Snake: Lair:2-4    Spider: Lair:2-4     Slime: Lair:5-6

Altars:
Dithmenos
Hepliaklqana
Kikubaaqudgha
Okawaru
Sif Muna
Trog
The Shining One

Shops:
D:7 ?   D:10 ([

Annotations:
D:10 3 runed doors
Lair:1 3 runed doors, rogaldorn's ghost, journeyman DEFE


Innate Abilities, Weirdness & Mutations

You are small and have problems with some larger weapons.
You are somewhat resistant to further mutation.


Message History

You are too injured to fight recklessly!
Firing (i - inventory. (/) - cycle)
i - 337 stones (quivered)
Press: ? - help, Shift-Dir - straight line, f - jumping spider
Aim: a jumping spider (moderately wounded, haloed)
You shoot a stone.
The stone hits the jumping spider but does no damage.
The jumping spider is moderately wounded.
The jumping spider leaps!
Your +2 hunting sling of flaming stops flaming.
Your +4 long sword of freezing glows with a cold blue light!
a - a +4 long sword of freezing (weapon)
The jumping spider pounces on you but does no damage.
You block the jumping spider's attack.
You hit the jumping spider but do no damage.
The jumping spider is moderately wounded.
The jumping spider pounces on you but does no damage.
The jumping spider bites you.
* * * LOW HITPOINT WARNING * * *
The jumping spider pounces on you!
You die...

.......P. #..###.P. .###.
.# #P.###.## .#.°
####.####..##(## s..
#..#...#...#...[ #..
......#.....P..# ####..
#.#P..........##
......######.#(............
#.(...s@..#..#.........#
#.#..#.##...°.#......P...
#.#####P....###...P.... #..
##.#.####.......# ....
#.#.##.#........ ##.##
#............... ##
###..#####.##P..
##.#####.#.##..
#.............#


You could see a jumping spider.

Vanquished Creatures
  Harold (D:8)
  6 hydras
  4 two-headed ogres
  Urug (Lair:1)
  2 unseen horrors
  The ghost of continuitydrift the Fetichist, a novice SpWr of Dithmenos (D:8)
  2 ugly things (D:11)
  An orc knight (D:10)
  A cyclops (D:11)
  3 black mambas
  A gargoyle (D:11)
  6 spiny frogs
  4 komodo dragons
  2 jumping spiders (Lair:2)
  A queen bee (Lair:4)
  A polar bear (Lair:5)
  7 blink frogs
  6 hippogriffs
  A redback (Lair:2)
  A spriggan (D:11)
  3 basilisks
  21 yaks
  2 hungry ghosts
  9 water moccasins
  7 porcupines
  2 black bears
  3 ice beasts
  4 orc warriors
  2 phantoms
  4 ogres
  3 sky beasts
  A necrophage (D:7)
  3 centaurs
  5 wolves (Lair:3)
  2 crocodiles
  A big kobold (D:6)
  15 bullfrogs
  A wyvern skeleton (D:9)
  4 scorpions
  30 killer bees
  8 wights
  3 electric eels (D:6)
  4 howler monkeys
  3 bullfrog zombies
  3 crimson imps
  A quasit (D:10)
  9 hounds
  A bullfrog skeleton (D:4)
  3 orc wizards
  3 centaur skeletons
  6 orc priests
  A gnoll shaman (D:6)
  Natasha (thrice) (D:3)
  Terence (D:2)
  3 iguanas
  7 worker ants
  A hound zombie (D:6)
  7 adders
  14 gnolls
  10 river rats (D:5)
  5 oozes
  2 adder skeletons
  A worm (D:4)
  7 leopard geckos
  49 orcs
  5 bats
  4 giant cockroaches
  6 goblins
  8 hobgoblins
  13 jackals
  8 quokkas
  2 ball pythons
  4 frilled lizards
  A jackal zombie (D:6)
  14 kobolds
  16 rats
  A plant (Lair:1)
411 creatures vanquished.

Vanquished Creatures (others)
  3 fungi
  15 plants
18 creatures vanquished.

Grand Total: 429 creatures vanquished

Notes
Turn   | Place    | Note
-------+----------+-------------------------------------------
     0 | D:1      | zishaf the Halfling Warper began the quest for the Orb.
     0 | D:1      | Reached XP level 1. HP: 14/14 MP: 3/3
   262 | D:1      | Reached XP level 2. HP: 18/19 MP: 4/4
   290 | D:1      | Reached skill level 1 in Stealth
   398 | D:1      | Learned a level 2 spell: Blink
   401 | D:1      | Learned a level 2 spell: Shroud of Golubria
   462 | D:1      | Reached XP level 3. HP: 17/24 MP: 5/5
  1608 | D:2      | Noticed Terence
  1628 | D:2      | Killed Terence
  1628 | D:2      | Reached XP level 4. HP: 30/30 MP: 2/6
  1781 | D:2      | Reached skill level 1 in Charms
  1888 | D:2      | Found a hazy altar of Hepliaklqana.
  1889 | D:2      | Found an ancient bone altar of Kikubaaqudgha.
  2067 | D:2      | Reached XP level 5. HP: 34/35 MP: 7/7
  2820 | D:3      | Noticed Natasha
  2833 | D:3      | Killed Natasha
  3014 | D:3      | Reached skill level 1 in Slings
  3256 | D:3      | Reached XP level 6. HP: 40/40 MP: 8/8
  3443 | D:3      | Noticed Natasha
  3452 | D:3      | Killed Natasha
  3540 | D:3      | Found a deep blue altar of Sif Muna.
  3632 | D:3      | Noticed Natasha
  3643 | D:3      | Killed Natasha
  4332 | D:4      | Found a glowing golden altar of the Shining One.
  4383 | D:4      | Became a worshipper of the Shining One
  4433 | D:4      | Reached XP level 7. HP: 35/45 MP: 9/9
  5027 | D:5      | Entered Level 5 of the Dungeon
  5118 | D:5      | Reached skill level 5 in Short Blades
  5118 | D:5      | Reached skill level 5 in Translocations
  5413 | D:5      | Reached XP level 8. HP: 45/51 MP: 10/10
  5502 | D:5      | Reached skill level 5 in Slings
  6029 | D:5      | Reached * piety under the Shining One
  6299 | D:5      | Reached skill level 5 in Armour
  6438 | D:5      | Reached XP level 9. HP: 49/55 MP: 6/11
  6952 | D:6      | Found a bloodstained altar of Trog.
  6959 | D:6      | Found a shadowy altar of Dithmenos.
  7091 | D:6      | Found a transporter.
  7112 | D:6      | Found a transporter.
  7226 | D:7      | Reached skill level 1 in Invocations
  7314 | D:7      | Found Eczij's Magic Scroll Emporium.
  7494 | D:7      | Reached ** piety under the Shining One
  7747 | D:7      | Reached skill level 5 in Dodging
  8085 | D:7      | Found a staircase to the Ecumenical Temple.
  8289 | D:7      | Reached XP level 10. HP: 54/60 MP: 13/13
  8592 | D:8      | Found a runed door.
  8593 | D:8      | Noticed continuitydrift's ghost (novice SpWr)
  8625 | D:8      | Found an iron altar of Okawaru.
  8641 | D:8      | Noticed Harold
  8725 | D:8      | Killed Harold
 10504 | D:9      | Reached *** piety under the Shining One
 10998 | D:9      | Learned a level 4 spell: Passage of Golubria
 11002 | D:9      | Learned a level 3 spell: Teleport Other
 11361 | D:9      | Noticed a two-headed ogre
 11623 | D:9      | Reached skill level 5 in Invocations
 11769 | D:8      | Found a hazy altar of Hepliaklqana.
 12012 | D:9      | Killed a two-headed ogre
 12012 | D:9      | Reached skill level 10 in Slings
 12012 | D:9      | Reached XP level 11. HP: 64/64 MP: 14/14
 12023 | D:10     | Entered Level 10 of the Dungeon
 12364 | D:10     | Noticed an orc knight
 12368 | D:10     | Found Lux Fimu's Armour Boutique.
 12368 | D:10     | Found a staircase to the Orcish Mines.
 12368 | D:10     | Found Koirghiph's Weapon Boutique.
 12469 | D:10     | Killed an orc knight
 13387 | D:10     | You fall through a shaft for 2 floors!
 13398 | D:12     | Noticed a two-headed ogre
 13460 | D:12     | Noticed an unseen horror
 13482 | D:12     | Killed an unseen horror
 13556 | D:12     | Noticed a six-headed hydra
 13631 | D:12     | Killed a six-headed hydra
 13933 | D:12     | Reached **** piety under the Shining One
 13947 | D:11     | Noticed a cyclops
 13964 | D:11     | Killed a cyclops
 14473 | D:10     | Noticed an unseen horror
 14499 | D:10     | Killed an unseen horror
 14499 | D:10     | Reached skill level 10 in Short Blades
 14564 | D:10     | Found a staircase to the Lair.
 14643 | D:10     | Noticed a two-headed ogre
 14681 | D:10     | Killed a two-headed ogre
 14904 | D:10     | Found a runed gate.
 14905 | D:10     | Found a runed gate.
 14906 | D:10     | Found a runed gate.
 14906 | D:10     | Noticed a red ugly thing
 14907 | D:10     | Noticed a green ugly thing
 14910 | D:10     | Noticed a glowing orange brain
 14911 | D:10     | Noticed a brown ugly thing
 14911 | D:10     | Noticed a green ugly thing
 15992 | D:8      | Killed continuitydrift's ghost
 15992 | D:8      | Reached XP level 12. HP: 72/72 MP: 16/16
 16024 | D:8      | Found an iron altar of Okawaru.
 16621 | D:11     | Reached skill level 10 in Translocations
 16737 | D:11     | Noticed a two-headed ogre
 16798 | D:11     | Killed a two-headed ogre
 16913 | D:11     | Noticed a five-headed hydra
 16917 | D:11     | Noticed a two-headed ogre
 17355 | D:11     | Killed a two-headed ogre
 17750 | D:11     | Killed a five-headed hydra
 18142 | D:11     | Upgraded the game from 0.23-a0-677-g07611c5 to
                  | 0.23-a0-681-g26ad783
 18203 | Lair:1   | Entered Level 1 of the Lair of Beasts
 18519 | Lair:1   | Found a runed gate.
 18519 | Lair:1   | Found a runed gate.
 18519 | Lair:1   | Found a runed gate.
 18855 | Lair:1   | Noticed a seven-headed hydra
 18896 | Lair:1   | Killed a seven-headed hydra
 18896 | Lair:1   | Reached skill level 5 in Fighting
 18928 | Lair:1   | Noticed Urug
 19228 | Lair:1   | Reached skill level 1 in Long Blades
 19422 | Lair:1   | Noticed an 11-headed hydra
 19422 | Lair:1   | Noticed rogaldorn's ghost (journeyman DEFE)
 19530 | Lair:1   | Reached skill level 10 in Dodging
 19530 | Lair:1   | Reached XP level 13. HP: 46/81 MP: 18/18
 19969 | Lair:1   | HP: 5/121 [Urug/+4 demon trident of flaming (17)]
 19969 | Lair:1   | HP: 2/121 [Urug/+4 demon trident of flaming (3)]
 19970 | Lair:1   | Killed Urug
 20682 | Lair:2   | Got a heavily jewelled robe
 20702 | Lair:1   | Identified the +2 robe "Juint" {+Inv rN++ Regen+ Str-4}
                  | (You found it on level 2 of the Lair of Beasts)
 20789 | Lair:2   | You fall through a shaft for 2 floors!
 20831 | Lair:4   | Noticed a five-headed hydra
 20859 | Lair:4   | Killed a five-headed hydra
 21409 | Lair:4   | Found a bloodstained altar of Trog.
 21490 | Lair:4   | Got a crystal hand axe
 21509 | Lair:4   | Found a staircase to the Swamp.
 22357 | Lair:3   | Got a jewelled plate armour
 22419 | Lair:4   | Identified the +3 plate armour "Yqunudd" {+Blink} (You
                  | found it on level 3 of the Lair of Beasts)
 22757 | Lair:3   | Noticed a five-headed hydra
 22768 | Lair:3   | Killed a five-headed hydra
 22997 | Lair:3   | Noticed a six-headed hydra
 23005 | Lair:3   | Killed a six-headed hydra
 24504 | Lair:2   | Reached skill level 5 in Long Blades
 24832 | D:10     | Bought a cursed +0 shield for 24 gold pieces
 24949 | Lair:2   | Reached skill level 1 in Shields
 24951 | Lair:2   | HP: 3/85 [jumping spider (15)]
 24956 | Lair:2   | HP: 3/85 [jumping spider (1)]
 24956 | Lair:2   | Mangled by a jumping spider

Vault maps used:
D:1:      minmay_arrival_arboretum_small, minmay_strange_pillars,
          minmay_nonomino_d4
D:2:      nicolae_overflow_hidden_temple, uniq_terence
D:3:      lemuel_blue_sif_altar, nrook_mini_vaults, uniq_natasha
D:4:      nicolae_tso_swordbearing_angel, first_ration
D:5:      lemuel_ratsnest, grunt_ministairs_3, minmay_manual_mares
D:6:      gammafunk_steamed_eel, gammafunk_temple_overflow_pools
D:7:      minmay_temple_entry_hall, serial_shops,
          nicolae_shop_temple_entry_statues_fountains
D:8:      lemuel_upstairs_altar, ebering_ghost_inner_flame, okawaru_trees_2,
          uniq_harold
D:10:     david_lair_shrubbed, orc_david_3,
          ploomutoo_gammafunk_ghost_potion_laboratory
D:11:     serial_column_ruins, column_ruins_open_tiny,
          column_ruins_corridor_corner, column_ruins_grid_3,
          column_ruins_open_small, column_ruins_open_tiny,
          column_ruins_open_large, the_bakery
D:12:     uniq_azrael
Lair:1:   gammafunk_ghost_hydra_chop, st_stairs_4, grunt_megastairs_5, uniq_urug
Lair:2:   nicolae_spider_entry_tight_spaces
Lair:3:   special_room, serial_bayou_shore_b
Lair:4:   swamp_mist, basic_altar

Skill      XL: |  1  2  3  4  5  6  7  8  9 10 11 12 13 |
---------------+----------------------------------------+-----
Fighting       | 2 3 5 6 |  6.9
Stealth        | 1 |  1.7
Short Blades   | 3 4 5 6 7 8 10 | 10.0
Charms         | 1 |  1.0
Dodging        | 3 5 7 8 10 11 | 11.0
Armour         | 2 3 4 5 6 8 |  8.0
Translocations | 4 5 6 7 8 9 10 | 10.0
Slings         | 1 2 4 6 8 10 11 | 11.9
Spellcasting   | 2 3 |  3.0
Invocations    | 2 5 7 9 |  9.2
Long Blades    | 1 5 |  5.1
Shields        | 1 |  1.0
Throwing       | |  1.0

Action                   |  1- 3 |  4- 6 |  7- 9 | 10-12 | 13-15 || total
-------------------------+-------+-------+-------+-------+-------++-------
Melee: Short sword       |    67 |       |    51 |    76 |       ||   194
       Dagger            |    29 |   186 |   336 |   473 |       ||  1024
       Unarmed           |       |     2 |       |       |       ||     2
       Long sword        |       |       |       |   114 |   253 ||   367
 Fire: Hunting sling     |       |    38 |   262 |   446 |   217 ||   963
 Cast: Shroud of Golubri |     2 |       |     3 |    17 |     5 ||    27
       Blink             |     2 |       |     1 |     2 |       ||     5
Invok: Divine Shield     |       |       |       |     1 |     3 ||     4
Evoke: Wand              |       |       |       |    12 |       ||    12
  Use: Potion            |     1 |       |       |     4 |     2 ||     7
       Scroll            |       |       |       |    20 |     1 ||    21
 Stab: Sleeping          |     2 |       |       |       |       ||     2
  Eat: Chunk             |     2 |     9 |    15 |    10 |    10 ||    46
       Ration            |       |       |       |     8 |     2 ||    10
Armor: Leather armour    |    22 |       |       |       |       ||    22
       Skin              |    11 |       |       |    60 |       ||    71
       Scale mail        |       |    67 |   115 |   208 |   164 ||   554
Dodge: Dodged            |    48 |    98 |   192 |   442 |   448 ||  1228
       Deflected         |       |     1 |     8 |     9 |     1 ||    19
Block: Other             |       |       |       |     8 |    12 ||    20
       Shield            |       |       |       |       |    16 ||    16
       Rpst.: Long sword |       |       |       |    26 |   134 ||   160

Table legend:
 A = Non-vault XP
 B = Vault XP
 C = Vault XP percentage of total XP
 D = Non-vault monster count
 E = Vault monster count
 F = Vault count percentage of total count
                 A         B        C        D         E       F
            +---------+---------+-------+---------+---------+-------
      Total |   36920 |    8011 |  17.8 |     322 |      88 |  21.5
            +---------+---------+-------+---------+---------+-------
        D:1 |      48 |      11 |  18.6 |      17 |       7 |  29.2
        D:2 |     105 |      36 |  25.5 |      18 |       1 |   5.3
        D:3 |     105 |      37 |  26.1 |      18 |       1 |   5.3
        D:4 |     374 |       0 |   0.0 |      16 |       0 |   0.0
        D:5 |     578 |     594 |  50.7 |      24 |      33 |  57.9
        D:6 |    1072 |     159 |  12.9 |      32 |       3 |   8.6
        D:7 |     981 |       0 |   0.0 |      28 |       0 |   0.0
        D:8 |     687 |    1838 |  72.8 |       9 |       3 |  25.0
        D:9 |    2508 |       0 |   0.0 |      24 |       0 |   0.0
       D:10 |    3222 |    1070 |  24.9 |      29 |       8 |  21.6
       D:11 |    7372 |     211 |   2.8 |      29 |       1 |   3.3
       D:12 |    1917 |       0 |   0.0 |       9 |       0 |   0.0
     Lair:1 |    4363 |    1496 |  25.5 |      18 |       4 |  18.2
     Lair:2 |    2373 |     821 |  25.7 |      11 |       3 |  21.4
     Lair:3 |    6533 |    1186 |  15.4 |      23 |      19 |  45.2
     Lair:4 |    3706 |     552 |  13.0 |      13 |       5 |  27.8
     Lair:5 |     976 |       0 |   0.0 |       4 |       0 |   0.0
            +---------+---------+-------+---------+---------+-------
